 Dungeon Crawl Stone Soup version 0.26-b1-32-g5d43845318 (webtiles) character file.

Game seed: 14374689038219624561

93 theswoord the Insei (level 4, -3/33 HPs)
             Began as a Demonspawn Transmuter on Jan 11, 2021.
             Slain by a gnoll
             ... wielding a +0 spear
              (4 damage)
             ... on level 3 of the Dungeon.
             The game lasted 00:03:09 (2368 turns).

theswoord the Insei (Demonspawn Transmuter)         Turns: 2368, Time: 00:03:11

Health: -3/33      AC:  4    Str: 10 (11) XL:     4   Next: 36%
Magic:  5/7        EV: 11    Int: 12 (14) God:
Gold:   93         SH:  0    Dex: 13 (14) Spells: 4/7 levels left

rFire    . . .     SeeInvis +     - Unarmed
rCold    . . .     Faith    .   (no shield)
rNeg     . . .     Spirit   .   e - +0 leather armour
rPois    .         Reflect  .   (helmet currently unavailable)
rElec    .         Harm     .   (no cloak)
rCorr    .         Rampage  .   (no gloves)
Will     .....                  (boots currently unavailable)
Stlth    +.........             (no amulet)
HPRegen  0.11/turn              i - ring of see invisible
MPRegen  0.10/turn              (no ring)

@: appendages (expiring), wereblooded (expiring)
A: hooves 1, horns 2, rugged brown scales 1
a: End Transformation


You were on level 3 of the Dungeon.
You had grown temporary horns.
You visited 1 branch of the dungeon, and saw 3 of its levels.

You collected 93 gold pieces.

Inventory:

Armour
 a - a +0 robe
 b - a +0 helmet (melded)
 e - a +0 leather armour (worn)
Jewellery
 i - a ring of see invisible (left hand)
Scrolls
 c - 3 scrolls of identify {unknown}
 d - a scroll of immolation {unknown}
 g - a scroll of fog {unknown}
 h - 3 scrolls of enchant armour {unknown}
 j - a scroll of blinking {unknown}
 k - a scroll of amnesia {unknown}
 l - a scroll of remove curse {unknown}
Potions
 f - a potion of flight {unknown}


   Skills:
 + Level 2.2 Fighting
 + Level 1.6 Armour
 - Level 1.7 Dodging
 + Level 3.2 Unarmed Combat
 - Level 2.0 Spellcasting
 + Level 2.5 Transmutations


You had 4 spell levels left.
You knew the following spells:

 Your Spells              Type           Power        Failure   Level
a - Beastly Appendage     Tmut           14%          13%         1
b - Wereblood             Tmut           7%           19%         2

Your spell library contained the following spells:

 Spells                   Type           Power        Failure   Level
 Magic Dart               Conj           4%           34%         1
 Searing Ray              Conj           2%           47%         2
 Spider Form              Tmut/Pois      2%           54%         3
 Dazzling Flash           Conj/Hex       2%           71%         3
 Ice Form                 Ice/Tmut       4%           91%         4
 Fulminant Prism          Conj/Hex       0%           98%         4
 Iskenderun's Mystic Bla  Conj/Tloc      1%           98%         4
 Blade Hands              Tmut           3%           98%         5


Dungeon Overview and Level Annotations

Branches:
Dungeon (2/15)

Altars:
Sif Muna


Innate Abilities, Weirdness & Mutations

You have large cloven feet.
You are partially covered in rugged brown scales. (AC +1, +3% HP)
You have a pair of horns on your head.


Message History

* * * LOW HITPOINT WARNING * * *
You barely miss the gnoll. You kick the gnoll.
You kill the gnoll!
The gnoll hits you from afar with a +0 spear!
* * * LOW HITPOINT WARNING * * *
You barely miss the frilled lizard. Your kick misses the frilled lizard.
The frilled lizard barely misses you.
The gnoll hits you from afar with a +0 spear.
* * * LOW HITPOINT WARNING * * *
You closely miss the frilled lizard. Your kick misses the frilled lizard.
You headbutt the frilled lizard.
You kill the frilled lizard!
The gnoll misses you.
You hit the gnoll. You kick the gnoll. You headbutt the gnoll.
The gnoll is heavily wounded.
You howl as the wereblood boils in your veins!
Your primal bloodlust is almost over.
The gnoll completely misses you.
The gnoll hits you from afar with a +0 spear.
You die...

..### ####....
######..†.# .##.....##
.........## .....÷....#
. .(........# ...
..........#########.....
................@g......
..÷.......########g.....
..........# .....
.........## ....
.##.....## ### #########


You could see 2 gnolls.

Vanquished Creatures
  2 gnolls (D:3)
  3 adders
  A worm (D:2)
  A dart slug (D:2)
  A leopard gecko (D:3)
  7 bats
  5 hobgoblins (D:1)
  3 jackals (D:1)
  A ball python (D:1)
  8 frilled lizards
  A goblin (D:2)
  6 kobolds
  7 rats
46 creatures vanquished.

Notes
Turn   | Place    | Note
-------+----------+-------------------------------------------
     0 | D:1      | theswoord the Demonspawn Transmuter began the quest for the
                  | Orb.
     0 | D:1      | Reached XP level 1. HP: 15/15 MP: 3/3
   421 | D:1      | Lost mutation: You have razor-sharp toenails. [demonic
                  | ancestry]
   421 | D:1      | Lost mutation: You have sharp toenails. [demonic ancestry]
   421 | D:1      | Gained mutation: You have large cloven feet. [demonic
                  | ancestry]
   421 | D:1      | Reached XP level 2. HP: 5/21 MP: 5/5
  1074 | D:1      | Reached skill level 1 in Armour
  1074 | D:1      | Reached skill level 3 in Unarmed Combat
  1265 | D:1      | Learned a level 2 spell: Wereblood
  1372 | D:2      | Gained mutation: You are partially covered in rugged brown
                  | scales. (AC +1, +3% HP) [demonic ancestry]
  1372 | D:2      | Reached XP level 3. HP: 22/27 MP: 6/6
  1701 | D:2      | Found a shimmering blue altar of Sif Muna.
  2002 | D:2      | You fall into a shaft and drop 1 floor!
  2051 | D:3      | Reached XP level 4. HP: 14/33 MP: 5/7
  2366 | D:3      | HP: 1/33 [gnoll/+0 spear (2)]
  2368 | D:3      | Slain by a gnoll

Skill      XL: |  1  2  3 |
---------------+----------+-----
Transmutations | 2 |  2.5
Armour         | 1 |  1.6
Unarmed Combat | 3 |  3.2
Fighting       | 2 |  2.2
Dodging        | |  1.7
Spellcasting   | |  2.0

Action                   |  1- 3 |  4- 6 || total
-------------------------+-------+-------++-------
Melee: Unarmed           |   125 |    20 ||   145
       Kick              |    21 |     7 ||    28
       Headbutt          |     8 |     4 ||    12
       Punch             |     2 |     1 ||     3
 Cast: Beastly Appendage |    13 |     1 ||    14
       Wereblood         |       |     1 ||     1
  Use: Potion            |       |     1 ||     1
 Stab: Sleeping          |     1 |       ||     1
Armor: Robe              |     6 |       ||     6
       Leather armour    |    43 |     2 ||    45
Dodge: Dodged            |    97 |    11 ||   108

Levels and vault maps discovered:
D:1:      dpeg_arrival_simpleton_a, layout_loops_ring, minmay_splitting_lines,
          minmay_pentomino_p4
D:2:      layout_basic, led_sif_pool, minivault_26
D:3:      layout_rooms, lemuel_doored_altar, general_overflow_altar,
          chequers_serial_rivers_room_a
